 Dungeon Crawl Stone Soup version 0.19-a0-1704-gbd66c22 (webtiles) character file.

459289 AlphaAb the Spry (level 23, -5/205 HPs)
             Began as a Yellow Draconian Ice Elementalist on Sept 22, 2016.
             Was the Champion of Lugonu.
             Slain by a death scarab (32 damage)
             ... summoned by a greater mummy
             ... led by Khufu
             ... on level 1 of the Crypt on Sept 27, 2016.
             The game lasted 10:23:55 (99926 turns).

AlphaAb the Spry (DrIE)                            Turns: 99926, Time: 10:23:55

Health: -5/205     AC: 19    Str: 16    XL:     23   Next: 33%
Magic:  36/36      EV: 26    Int: 25    God:    Lugonu [******]
Gold:   1592       SH:  0    Dex: 23    Spells: 10 memorised, 2 levels left

rFire  + . .     SeeInvis .     m - +6 triple sword (distort)
rCold  + . .     Gourm    .     (armour unavailable)
rNeg   . . .     Faith    .     (shield currently unavailable)
rPois  +         Spirit   .     u - +0 hat
rElec  +         Dismiss  .     T - +2 cloak
rCorr  +         Reflect  .     R - +2 pair of gloves
MR     ++...     Harm     .     r - +0 pair of boots
Stlth  ++........ Clarity  +    y - amulet of rage
                                c - ring of Bawizeas {rC++ Str+4 Int+6}
                                d - ring "Ocipo" {Fire rElec rPois Dex+4}

@: flying, repel missiles, very heavily drained
A: spit acid, acid resistance, unfitting armour, big wings, talons 1, agile 1,
blink, clarity, clever 1, deterioration 1, high mp 1, magic resistance 1, sense
surroundings 1, weak 1, wild magic 1, acidic bite, cold-blooded, AC +11
a: Spit Acid, Stop Flying, Blink, Depart the Abyss, Bend Space, Banish, Corrupt,
Enter the Abyss, Renounce Religion, Evoke Berserk Rage
}: 2/15 runes: barnacled, gossamer


You were on level 1 of the Crypt.
You worshipped Lugonu.
Lugonu was exalted by your worship.
You were hungry.

You visited 11 branches of the dungeon, and saw 43 of its levels.
You visited the Abyss 3 times.
You also visited: Sewer, Ossuary and Wizlab.

You collected 6233 gold pieces.
You spent 4641 gold pieces at shops.

Inventory:

Hand Weapons
 h - the +9 heavy crossbow "Sniper" {velocity, nevermiss, SInv}
   (You found it on level 11 of the Dungeon)

   Any bolt fired from it inflicts extra damage.
   It lets you see invisible.
 k - a +5 great sword of freezing
 m - a +6 triple sword of distortion (weapon)
 x - a +2 arbalest of velocity
Missiles
 e - 7 steel javelins (quivered)
 H - 1539 bolts
Armour
 r - a +0 pair of boots (worn)
 u - a +0 hat (worn)
 R - a +2 pair of gloves (worn)
 T - a +2 cloak (worn)
Rods
 L - a +0 lightning rod (11/11)
   (You took it off an orc wizard on level 1 of the Orcish Mines)
Jewellery
 c - the ring of Bawizeas (right hand) {rC++ Str+4 Int+6}
   (You bought it in a shop on level 1 of the Depths)

   [ring of strength]

   It affects your strength (+4).
   It affects your intelligence (+6).
   It greatly protects you from cold.
 d - the ring "Ocipo" (left hand) {Fire rElec rPois Dex+4}
   (You bought it in a shop on level 15 of the Dungeon)

   [ring of fire]

   It enhances your fire magic.
   It affects your dexterity (+4).
   It protects you from fire.
   It makes you vulnerable to cold.
   It insulates you from electricity.
   It protects you from poison.
 y - an amulet of rage (around neck)
 C - an uncursed amulet of guardian spirit
 P - the ring "Diaheih" {rF+ MR+ Str+4}
   (You found it on level 2 of the Lair of Beasts)

   [ring of protection from fire]

   It affects your strength (+4).
   It protects you from fire.
   It affects your resistance to hostile enchantments.
Wands
 l - a wand of paralysis (9/24)
 s - a wand of teleportation (2/9)
 S - a wand of digging (16/24)
 X - a wand of iceblast (5/15)
 Z - a wand of acid (7/15)
Scrolls
 f - 16 scrolls of remove curse
 j - 7 scrolls of magic mapping
 o - 9 scrolls of recharging
 t - 13 scrolls of identify
 v - a scroll of amnesia
 z - 8 scrolls of summoning
 B - 5 scrolls of fog
 E - 2 scrolls of holy word
 F - 3 scrolls of enchant armour
 I - 2 scrolls of silence
 N - 2 scrolls of fear
Potions
 a - 5 potions of brilliance
 i - 6 potions of resistance
 p - 11 potions of curing
 A - 4 potions of might
 D - a potion of heal wounds
 G - a potion of berserk rage
 J - 7 potions of agility
 M - a potion of haste
Books
 g - a book of Clouds

   Spells                             Type                      Level
   a - Mephitic Cloud                 Conjuration/Poison/Air       3
   b - Conjure Flame                  Conjuration/Fire             3
   c - Poisonous Cloud                Conjuration/Poison/Air       6
   d - Freezing Cloud                 Conjuration/Ice/Air          6
   e - Ring of Flames                 Charms/Fire                  7
 q - Pour's Tome of the Lucky Glacier
   (You bought it in a shop on level 15 of the Dungeon)

   Spells                             Type                      Level
   a - Freeze                         Ice                          1
   b - Repel Missiles                 Charms/Air                   2
   c - Deflect Missiles               Charms/Air                   6
   d - Haste                          Charms                       6
 w - the Almanac of Flying Dark Arts
   (You found it on level 4 of the Vaults)

   Spells                             Type                      Level
   a - Repel Missiles                 Charms/Air                   2
   b - Mephitic Cloud                 Conjuration/Poison/Air       3
   c - Airstrike                      Air                          4
   d - Excruciating Wounds            Charms/Necromancy            5
   e - Simulacrum                     Ice/Necromancy               6
 Q - the Compendium of Venom and Translocation
   (You found it on level 3 of the Elven Halls)

   Spells                             Type                      Level
   a - Sting                          Conjuration/Poison           1
   b - Apportation                    Translocation                1
   c - Venom Bolt                     Conjuration/Poison           5
   d - Summon Forest                  Summoning/Translocation      5
   e - Controlled Blink               Translocation                8
Miscellaneous
 O - 2 phantom mirrors
 U - a disc of storms
 V - a phial of floods
Comestibles
 b - 12 bread rations
 n - 15 fruits


   Skills:
 - Level 17.0(11.2) Fighting
   Level 7.0(9.3) Short Blades
 - Level 19.9(14.0) Long Blades
 - Level 5.0(0.7) Crossbows
 - Level 20.6(14.4) Dodging
 - Level 4.1(0.0) Stealth
 - Level 7.0(2.5) Spellcasting
 + Level 16.6(10.9) Conjurations
 + Level 6.7(2.2) Charms
 - Level 9.7(4.8) Ice Magic
 - Level 11.5(6.4) Air Magic
 - Level 7.0(2.4) Invocations


You had 2 spell levels left.
You knew the following spells:

 Your Spells              Type           Power        Failure   Level  Hunger
a - Repel Missiles        Chrm/Air       ####..       6%          2    ##.....
b - Ozocubu's Armour      Chrm/Ice       ####....     14%         3    ###....
c - Spectral Weapon       Hex/Chrm       ##......     28%         3    ###....
d - Summon Ice Beast      Ice/Summ       ###.....     47%         4    ####...
e - Swiftness             Chrm/Air       ####....     6%          2    ##.....
f - Throw Icicle          Conj/Ice       ######..     8%          4    ####...
g - Bolt of Cold          Conj/Ice       ######....   75%         6    #######
h - Regeneration          Chrm/Necr      ##........   28%         3    ###....
i - Freezing Cloud        Conj/Ice/Air   ######....   85%         6    #######
k - Summon Butterflies    Summ           #.......     17%         1    None


Dungeon Overview and Level Annotations

Branches:
Dungeon (15/15)            Temple (1/1) D:5            Lair (6/6) D:11
 Shoals (4/4) Lair:3       Spider (4/4) Lair:4        Slime (2/5) Lair:6
    Orc (2/2) D:11            Elf (3/3) Orc:2        Vaults (4/5) D:13
  Crypt (1/3) Vaults:2     Depths (1/5) D:15

Altars:
Ashenzari
Cheibriados
Dithmenos
Elyvilon
Fedhas
Gozag
Hepliaklqana
Kikubaaqudgha
Makhleb
Nemelex Xobeh
Okawaru
Qazlal
Ru
Sif Muna
Trog
Uskayaw
Vehumet
Xom
Yredelemnul
Zin
The Shining One
Beogh
Jiyva
Lugonu

Shops:
D:10 ?=   D:13 [[   D:15 =?:}=   Orc:1 %   Orc:2 !*!*   Elf:1 *   Depths:1 =

Portals:
Trove: D:14 (give +3 fire dragon armour)

Annotations:
D:5 exclusion: statue
Lair:6 corrupted
Slime:2 Dissolution
Crypt:1 Khufu
Depths:1 exclusion: orange crystal statue, the Enchantress
Abyss:1 Jory, Margery, Saint Roka, Snorg


Innate Abilities, Weirdness & Mutations

You can spit globs of acid.
You are resistant to acid.
Your golden yellow scales are hard. (AC +11)
You cannot fit into any form of body armour.
You have acidic saliva.
You are cold-blooded and may be slowed by cold attacks.
Your large and strong wings let you fly indefinitely.
You have sharp toenails.
You are agile. (Dex +2)
You can translocate small distances at will.
You possess an exceptional clarity of mind.
Your mind is acute. (Int +2)
Your body sometimes deteriorates upon taking damage.
You have an increased reservoir of magic. (+10% MP)
You are resistant to hostile enchantments. (MR+)
You passively map a small area around you.
You are weak. (Str -2)
Your spells are a little harder to cast, but a little more powerful.


Message History

You are engulfed in spectral mist.
* * * LOW HITPOINT WARNING * * *
The greater mummy casts a spell.
Khufu says, "I follow the Polar star."
Khufu casts a spell.
The spectral black mamba fades away!
The death scarab bites you but does no damage.
There is a staircase back to the Vaults here.
You can't go down here!
The death scarab barely misses you.
The revenant lashes out with ghostly flames.
The ghostly flame explodes!
The ghostly fireball engulfs the spectral iron dragon.
The spectral iron dragon completely resists.
The ghostly fireball engulfs the death scarab.
The death scarab completely resists.
The ghostly fireball engulfs you!
You feel drained.
* * * LOW HITPOINT WARNING * * *
The death scarab bites you!!
You die...

, , , * ,, , * , * , , ,
, * , , ** # * ### ,,
##.# , ..#### #...
########....#* ###..#*
#@........# ,* ####
#...# #Zs.......#
#..!.##%#####
#.........# *
#(#......§§###.........#
* ,
#....#.###sZ§Ls........#
,*
####...MM.s.§#.........#
* ##..#####...........#
...... ..............#
*,
.M..M.###....#.........#
,


You could see a revenant, a spectral iron dragon and 2 death scarabs.

Vanquished Creatures
  Mennas (Vaults:3)
  Bai Suzhen (Elf:1)
  Frederick (Vaults:3)
  Nikola (Spider:3)
  4 deep elf blademasters
  2 deep elf master archers
  A tentacled starspawn (Abyss:1)
  3 sphinxes
  Ilsuiw (Shoals:4)
  3 azure jellies
  A tengu reaver (Vaults:4)
  A fire giant (Vaults:4)
  12 deep elf sorcerers
  6 ghost moths
  An iron dragon (Vaults:3)
  14 vault wardens
  3 emperor scorpions (Spider:4)
  6 deep elf elementalists
  A war gargoyle (Vaults:4)
  A spriggan defender (D:15)
  A ghoul (Vaults:2)
  5 entropy weavers
  8 stone giants
  6 very ugly things
  15 ironheart preservers
  6 deep elf demonologists (Elf:3)
  11 deep elf annihilators
  7 spark wasps
  6 ettins
  Josephine (D:11)
  2 fire dragons
  An eidolon (Abyss:1)
  11 deep elf death magi
  7 merfolk javelineers
  9 merfolk impalers
  A jiangshi (Depths:1)
  6 great orbs of eyes
  Harold (D:11)
  3 hydras
  6 rakshasas
  5 deep elf high priests (Elf:3)
  4 ice dragons
  9 yaktaur captains
  13 vault guards
  2 catoblepae (Lair:6)
  12 centaur warriors
  An alligator snapping turtle (Shoals:4)
  6 merfolk aquamancers
  A merfolk avatar (Shoals:1)
  12 ogre magi
  2 ghost crabs (shapeshifter)
  29 dancing weapons
  2 death yaks (Lair:6)
  A deep troll shaman (Vaults:1)
  A tengu warrior (Depths:1)
  6 death knights
  A queen ant (shapeshifter) (WizLab)
  Urug (D:13)
  3 satyrs
  A queen ant (Spider:1)
  An orc high priest (Elf:2)
  8 deep troll earth magi
  A vampire mage (Depths:1)
  An iron golem (WizLab)
  Sonja (D:13)
  28 deep elf knights
  2 skeletal warriors (Vaults:2)
  A fire crab (shapeshifter) (WizLab)
  4 hell knights (Vaults:4)
  3 flayed ghosts
  2 glowing orange brains
  17 sea snakes
  20 deep trolls
  12 ironbrand convokers
  An unseen horror (Vaults:1)
  17 deep elf archers
  11 hill giants
  A lindwurm (Lair:6)
  24 harpies
  10 orc knights
  3 phantasmal warriors
  4 necromancers
  3 orb spiders (shapeshifter)
  8 wizards
  Pikel (D:3)
  8 hornets
  A wolf spider zombie (D:15)
  3 shining eyes
  43 wolf spiders
  17 cyclopes
  49 deep elf magi
  5 orc sorcerers
  21 orb spiders
  31 ugly things
  13 manticores
  11 sirens
  14 fauns
  2 elephants
  2 moths of wrath
  2 elephants (shapeshifter)
  Joseph (D:9)
  A black mamba (shapeshifter) (Vaults:3)
  10 water nymphs
  A naga mage (Abyss:1)
  7 black mambas
  A guardian serpent (Abyss:1)
  8 torpor snails
  A centaur skeleton (D:14)
  12 spiny frogs
  12 vault sentinels
  A gargoyle (D:14)
  A human skeleton (Vaults:1)
  3 rime drakes (shapeshifter) (WizLab)
  2 rime drakes (Shoals:3)
  8 freezing wraiths
  3 kobold demonologists
  13 demonic crawlers
  A komodo dragon (shapeshifter) (WizLab)
  48 yaktaurs
  12 komodo dragons
  2 tengu conjurers (Depths:1)
  45 merfolk
  45 jumping spiders
  3 trolls (shapeshifter)
  2 queen bees (shapeshifter) (WizLab)
  16 trolls
  2 meliai (shapeshifter) (WizLab)
  A polar bear (Lair:6)
  A wolf spider simulacrum (D:14)
  A raiju (shapeshifter) (Vaults:3)
  9 wind drakes
  Grinder (D:5)
  3 tyrant leeches (Lair:6)
  2 wind drakes (shapeshifter)
  30 two-headed ogres
  16 blink frogs
  38 slime creatures
  18 dream sheep
  A blink frog (shapeshifter) (WizLab)
  12 hippogriffs
  13 snapping turtles
  A hippogriff (shapeshifter) (WizLab)
  86 redbacks
  2 air elementals (Elf:1)
  36 tarantellas
  A centaur simulacrum (D:15)
  A spriggan (shapeshifter) (WizLab)
  16 water elementals
  2 shadows
  11 wraiths
  22 yaks
  A wyvern (D:15)
  2 hungry ghosts
  A yak (shapeshifter) (WizLab)
  2 fire elementals
  3 golden eyes (Slime:1)
  4 basilisks
  2 golden eyes (shapeshifter) (WizLab)
  A human (shapeshifter) (Vaults:2)
  4 steam dragons
  20 humans (D:13)
  4 basilisks (shapeshifter) (WizLab)
  7 wargs
  A yaktaur simulacrum (Vaults:4)
  Menkaure (D:5)
  7 large abominations (WizLab)
  2 mottled dragons
  22 soldier ants
  Duvessa (D:5)
  7 porcupines
  A soldier ant (shapeshifter) (Vaults:4)
  21 water moccasins
  4 floating eyes (WizLab)
  6 black bears
  5 ice beasts
  24 orc warriors
  An eye of draining (Slime:2)
  A sky beast (shapeshifter) (WizLab)
  14 wasps
  3 phantoms
  A necrophage (D:6)
  66 ogres
  5 boggarts
  21 wolves
  6 sky beasts
  30 centaurs
  A blink frog skeleton (Crypt:1)
  11 crocodiles
  A human zombie (Vaults:1)
  5 big kobolds
  15 bullfrogs
  2 earth elementals
  A wyvern zombie (D:8)
  4 water moccasin zombies (Ossuary)
  19 scorpions
  Dowan (D:5)
  A scorpion (shapeshifter) (Vaults:3)
  6 small abominations (WizLab)
  An orc simulacrum (Vaults:1)
  9 wights
  An elf simulacrum (Vaults:1)
  7 howler monkeys
  6 killer bees
  5 electric eels
  8 crimson imps
  2 centaur zombies
  2 bullfrog zombies
  6 starcursed masses (Abyss:1)
  2 quasits
  A jelly (D:10)
  6 hounds
  20 orc wizards
  2 bullfrog skeletons
  19 orc priests
  7 iguanas
  23 worker ants
  3 big kobold zombies (Ossuary)
  A hound zombie (D:5)
  4 hound skeletons
  2 mummies (Ossuary)
  13 adders
  3 gnolls (D:6)
  A howler monkey skeleton (D:6)
  73 river rats
  3 shadow imps
  6 adder zombies
  An adder skeleton (D:2)
  3 worms
  A dart slug (D:5)
  11 leopard geckos
  73 orcs
  3 ball pythons
  4 bat skeletons (D:2)
  13 giant cockroaches
  A gnoll zombie (Ossuary)
  8 goblins
  10 hobgoblins
  22 jackals
  24 kobolds
  6 quokkas
  3 bats
  5 frilled lizards
  A goblin zombie (D:8)
  5 hobgoblin zombies (Ossuary)
  A jackal skeleton (D:2)
  A kobold skeleton (Crypt:1)
  8 kobold zombies (Ossuary)
  A leopard gecko skeleton (D:2)
  5 orc zombies (Ossuary)
  2 quokka zombies
  14 rats
  2 plants (Shoals:4)
  A spectral weapon (Vaults:3)
2113 creatures vanquished.

Vanquished Creatures (collateral kills)
  A tentacled starspawn (Abyss:1)
  An entropy weaver (Spider:1)
  4 hydras
  2 death yaks
  An ogre mage (Orc:2)
  A wretched star (Abyss:1)
  An orc knight (Orc:1)
  An orb spider (Spider:1)
  An orc sorcerer (Orc:2)
  A wolf spider (Spider:1)
  A siren (Lair:3)
  A black mamba (Lair:6)
  A smoke demon (Abyss:1)
  2 torpor snails
  2 spiny frogs
  A komodo dragon (Lair:4)
  A yaktaur (D:15)
  A demonic crawler (Spider:1)
  A dream sheep (Lair:4)
  2 hippogriffs
  A blink frog (Lair:6)
  A tyrant leech (Lair:6)
  A redback (Spider:1)
  A wyvern (Lair:5)
  9 yaks
  A tarantella (Spider:3)
  A human (D:13)
  A hungry ghost (D:6)
  3 wargs (Orc:1)
  A soldier ant (Spider:2)
  A water moccasin (Lair:5)
  A porcupine (Lair:1)
  An orc warrior (Orc:1)
  A floating eye (shapeshifter) (D:15)
  3 wasps
  4 ogres
  3 wolves
  2 centaurs (D:15)
  A crocodile (Lair:1)
  A bullfrog (D:7)
  2 killer bees
  2 wights
  A jelly (D:7)
  An orc priest (Orc:2)
  2 orc wizards
  An iguana (Lair:5)
  2 worker ants (D:7)
  10 orcs
  2 jackals (D:7)
  A fungus (Lair:4)
89 creatures vanquished.

Vanquished Creatures (others)
  An acid blob (Slime:1)
  An azure jelly (Lair:6)
  2 frost giants
  An ironheart preserver (Vaults:3)
  A very ugly thing (Vaults:4)
  A vault guard (Vaults:3)
  A deep troll earth mage (Depths:1)
  2 ogre magi
  The ghost of Rintwin the Severer, a novice MiBe of Trog (D:10)
  A hell knight (Vaults:4)
  A sea snake (Shoals:1)
  A flayed ghost (Vaults:4)
  3 ironbrand convokers
  An orc knight (Vaults:3)
  2 manticores
  3 ugly things
  8 elephants (Lair:6)
  A faun (Shoals:1)
  A vault sentinel (Vaults:4)
  A yaktaur (Vaults:4)
  2 blink frogs (Lair:6)
  5 slime creatures
  A hippogriff (Lair:6)
  A redback (Spider:3)
  A ynoxinul (Abyss:1)
  A tarantella (Spider:4)
  5 yaks (Lair:6)
  A water moccasin (Lair:6)
  2 wolves
  3 ogres
  3 boggarts (Vaults:2)
  A worker ant (Spider:2)
  A river rat (Lair:6)
  An orc (D:4)
  A jackal (D:9)
  41 fungi
  69 plants
  65 spectral weapons
  8 starspawn tentacles (Abyss:1)
246 creatures vanquished.

Grand Total: 2448 creatures vanquished

Notes
Turn   | Place    | Note
-------+----------+-------------------------------------------
     0 | D:1      | AlphaAb the Draconian Ice Elementalist began the quest for the Orb.
     0 | D:1      | Reached XP level 1. HP: 14/14 MP: 3/3
   417 | D:1      | You fall through a shaft!
   438 | D:2      | Reached XP level 2. HP: 19/20 MP: 3/5
  1118 | D:1      | Reached XP level 3. HP: 20/26 MP: 7/7
  1140 | D:1      | Learned a level 3 spell: Ozocubu's Armour
  2160 | D:2      | Reached XP level 4. HP: 27/33 MP: 8/8
  2173 | D:2      | Learned a level 4 spell: Summon Ice Beast
  2322 | D:2      | Found a hide-covered altar of Uskayaw.
  2409 | D:2      | Found a faded altar of an unknown god.
  2428 | D:2      | Became a worshipper of Lugonu the Unformed
  2428 | D:2      | Reached * piety under Lugonu
  2428 | D:2      | Reached ** piety under Lugonu
  2521 | D:2      | Found a sacrificial altar of Ru.
  2638 | D:3      | Found a glowing drain.
  2717 | Sewer    | Entered a sewer
  2851 | Sewer    | Noticed a crocodile
  2862 | Sewer    | Killed a crocodile
  2862 | Sewer    | Reached XP level 5. HP: 27/38 MP: 1/11
  3081 | D:3      | Reached skill level 5 in Ice Magic
  3146 | D:3      | Found a bloodstained altar of Trog.
  3212 | D:3      | Reached *** piety under Lugonu
  3653 | D:4      | Reached XP level 6. HP: 22/45 MP: 9/12
  3662 | D:4      | Learned a level 4 spell: Throw Icicle
  4083 | D:4      | Found a shadowy altar of Dithmenos.
  4086 | D:4      | Noticed a slave
  4086 | D:4      | Noticed a slave
  4087 | D:4      | Noticed Pikel
  4088 | D:4      | Noticed a slave
  4460 | D:4      | Noticed a slave
  4476 | D:3      | Killed Pikel
  4476 | D:3      | Reached skill level 5 in Spellcasting
  4476 | D:3      | Your scales start taking on a golden yellow colour.
  4476 | D:3      | Reached XP level 7. HP: 32/50 MP: 4/15
  5473 | D:5      | Entered Level 5 of the Dungeon
  5635 | D:5      | Noticed Dowan
  5651 | D:5      | Found a staircase to the Ecumenical Temple.
  5657 | Temple   | Entered the Ecumenical Temple
  6103 | D:5      | Reached XP level 8. HP: 42/57 MP: 11/17
  6284 | D:5      | Found a blossoming altar of Fedhas.
  6437 | D:5      | Noticed Grinder
  6452 | D:5      | Killed Grinder
  6627 | D:5      | Killed Dowan
  6842 | D:5      | Found a radiant altar of Vehumet.
  7127 | D:5      | Noticed Menkaure
  7379 | D:5      | Killed Menkaure
  7459 | D:5      | Noticed Duvessa
  7473 | D:5      | Killed Duvessa
  7496 | D:5      | Reached skill level 1 in Fighting
  7895 | D:6      | Reached XP level 9. HP: 58/67 MP: 12/19
  8149 | D:6      | Gained mutation: You evolve. [potion of mutation]
  8149 | D:6      | Gained mutation: You passively map a small area around you. [potion of mutation]
  8149 | D:6      | Gained mutation: You are clumsy. (Dex -2) [potion of mutation]
  8197 | D:6      | Gained mutation: You rapidly evolve. [evolution]
  8235 | D:6      | Found a snail-covered altar of Cheibriados.
  8240 | D:6      | Found a white marble altar of Elyvilon.
  8822 | D:6      | Reached **** piety under Lugonu
  8890 | D:6      | Found a burning altar of Makhleb.
  8907 | D:6      | Reached skill level 5 in Invocations
  9204 | D:7      | Reached skill level 2 in Dodging
  9870 | D:6      | Found a shattered altar of Ashenzari.
  9870 | D:6      | Found a bloodstained altar of Trog.
  9881 | D:6      | Reached skill level 3 in Dodging
  9954 | D:7      | Gained mutation: You have a pair of small horns on your head. [evolution]
 10202 | D:7      | Gained mutation: Scrolls take you a little longer to read. [mutagenic meat]
 10205 | D:7      | Gained mutation: You are occasionally teleported next to monsters. [mutagenic meat]
 10208 | D:7      | Gained mutation: Your large and strong wings let you fly indefinitely. [mutagenic meat]
 10327 | D:7      | Reached skill level 5 in Fighting
 10589 | D:7      | Learned a level 3 spell: Spectral Weapon
 10626 | D:8      | Found a sand-covered staircase.
 10633 | Ossuary  | Entered an ossuary
 10663 | Ossuary  | Reached ***** piety under Lugonu
 10681 | Ossuary  | Reached XP level 10. HP: 67/81 MP: 14/20
 11155 | Ossuary  | Lost mutation: Scrolls take you a little longer to read. [potion of cure mutation]
 11155 | Ossuary  | Lost mutation: You rapidly evolve. [potion of cure mutation]
 11155 | Ossuary  | Lost mutation: You have a pair of small horns on your head. [potion of cure mutation]
 11155 | Ossuary  | Lost mutation: You are occasionally teleported next to monsters. [potion of cure mutation]
 11155 | Ossuary  | Lost mutation: You are clumsy. (Dex -2) [potion of cure mutation]
 11201 | D:8      | Reached skill level 1 in Charms
 11467 | D:8      | Reached skill level 4 in Dodging
 11661 | D:8      | Identified the Almanac of Doomed Arcane Weapons
 11668 | D:8      | Learned a level 3 spell: Vampiric Draining
 11835 | D:8      | Found a glowing silver altar of Zin.
 12025 | D:8      | Gained mutation: You possess an exceptional clarity of mind. [mutagenic meat]
 12336 | D:9      | Noticed Joseph
 12590 | D:9      | Killed Joseph
 13478 | D:10     | Entered Level 10 of the Dungeon
 13514 | D:10     | Noticed Rintwin's ghost (novice MiBe)
 13525 | D:10     | Gained mutation: You are resistant to hostile enchantments. (MR+) [evolution]
 14092 | D:10     | Found Estrergh's Magic Scroll Shoppe.
 14098 | D:10     | Bought a scroll of magic mapping for 49 gold pieces
 14098 | D:10     | Bought a scroll of enchant armour for 105 gold pieces
 14145 | D:10     | Reached skill level 1 in Short Blades
 14244 | D:10     | Noticed Josephine
 14724 | D:10     | Found Bimolush's Jewellery Boutique.
 14738 | D:11     | Noticed an elephant
 14741 | D:11     | Found a staircase to the Lair.
 14913 | D:6      | Reached skill level 5 in Dodging
 16370 | D:10     | Noticed Snorg
 16389 | D:10     | HP: 1/86 [Rintwin's ghost (4)]
 16919 | D:9      | Noticed a centaur warrior
 16937 | D:9      | Killed a centaur warrior
 16937 | D:9      | Reached XP level 11. HP: 59/92 MP: 15/21
 17425 | D:11     | Noticed a green ugly thing
 17965 | D:10     | Banished Snorg
 17975 | D:10     | Banished Rintwin's ghost
 17975 | D:10     | Reached skill level 6 in Dodging
 18037 | D:11     | Noticed Sonja
 18045 | Lair:1   | Entered Level 1 of the Lair of Beasts
 18345 | Lair:1   | Reached skill level 1 in Crossbows
 19329 | Lair:1   | Reached skill level 5 in Short Blades
 19379 | Lair:2   | Reached skill level 7 in Dodging
 19473 | Lair:2   | Got a clouded iron ring
 19474 | Lair:2   | Identified the ring "Diaheih" {rF+ MR+ Str+4} (You found it on level 2 of the Lair of Beasts)
 19559 | Lair:2   | Gained mutation: You rapidly evolve. [evolution]
 20618 | Lair:3   | Noticed a five-headed hydra
 20651 | Lair:2   | Upgraded the game from 0.19-a0-1673-g1c1b307 to 0.19-a0-1676-g39ae8cc
 20860 | Lair:3   | Found a staircase to the Shoals.
 21234 | Lair:3   | Noticed a death yak
 21301 | Lair:2   | HP: 4/97 [spatial distortion (3)]
 21643 | Lair:2   | Killed a death yak
 21753 | Lair:2   | Reached XP level 12. HP: 89/104 MP: 22/22
 22125 | Lair:3   | Gained mutation: You are agile. (Dex +2) [evolution]
 22136 | Lair:3   | Killed a five-headed hydra
 22240 | Lair:3   | Reached skill level 8 in Dodging
 23735 | Lair:4   | Reached skill level 10 in Fighting
 23860 | Lair:4   | Noticed an eight-headed hydra
 23871 | Lair:4   | Killed an eight-headed hydra
 23988 | Lair:4   | Found a hole to the Spider Nest.
 24742 | Lair:4   | Reached skill level 1 in Long Blades
 24773 | Lair:4   | Reached skill level 5 in Crossbows
 25168 | Lair:4   | Gained mutation: You are robust. (+10% HP) [evolution]
 25518 | Lair:4   | Reached skill level 9 in Dodging
 25674 | Lair:5   | Noticed a five-headed hydra
 25692 | Lair:5   | Killed a five-headed hydra
 25883 | Lair:5   | Noticed a six-headed hydra
 26044 | Lair:5   | Killed a six-headed hydra
 26049 | Lair:5   | Reached ****** piety under Lugonu
 27065 | Lair:6   | Entered Level 6 of the Lair of Beasts
 27065 | Lair:6   | Noticed a catoblepas
 27093 | Lair:6   | Killed a catoblepas
 27293 | D:11     | Cast into level 1 of the Abyss (Sonja)
 27307 | D:11     | Escaped the Abyss
 27434 | D:11     | Noticed Harold
 27485 | D:10     | Reached XP level 13. HP: 127/127 MP: 19/23
 27877 | D:11     | Gained mutation: You regenerate slowly when monsters are visible. [evolution]
 27951 | D:11     | Killed Harold
 28280 | D:11     | Gained mutation: Your mind is acute. (Int +2) [potion of beneficial mutation]
 28310 | D:11     | Found a staircase to the Orcish Mines.
 28317 | D:11     | Found a roughly hewn altar of Beogh.
 29024 | Orc:1    | Entered Level 1 of the Orcish Mines
 29028 | Orc:1    | Found Jaufreunass's Food Boutique.
 29985 | Orc:2    | Entered Level 2 of the Orcish Mines
 30317 | Orc:2    | Found a roughly hewn altar of Beogh.
 30378 | Orc:2    | Found a staircase to the Elven Halls.
 30527 | Orc:2    | Reached skill level 10 in Dodging
 31087 | Orc:2    | Noticed Saint Roka
 31547 | Orc:2    | Banished Saint Roka
 32659 | Orc:2    | Reached skill level 5 in Long Blades
 32854 | Orc:2    | Reached skill level 5 in Conjurations
 32865 | Orc:2    | Found Qoadufif's Distillery.
 32868 | Orc:2    | Found Yshreoxu's Distillery.
 32871 | Orc:2    | Found Xoher's General Store.
 32897 | Orc:1    | Found a roughly hewn altar of Beogh.
 34318 | Orc:2    | Gained mutation: You have acidic saliva. [Yellow Draconian growth]
 34318 | Orc:2    | Reached XP level 14. HP: 118/139 MP: 24/24
 34326 | Orc:2    | Found Ushipnuss's Assorted Antiques.
 34334 | Orc:2    | Bought a scroll labeled IKATAIKLI YDACH for 21 gold pieces
 34334 | Orc:2    | Bought a scroll labeled IKATAIKLI YDACH for 21 gold pieces
 34334 | Orc:2    | Bought a scroll of teleportation for 63 gold pieces
 35094 | D:11     | Killed Josephine
 35470 | Lair:5   | Learned a level 6 spell: Bolt of Cold
 35862 | Lair:6   | Corrupted Lair:6
 35862 | Lair:6   | Noticed a starcursed mass
 35862 | Lair:6   | Noticed a starcursed mass
 35862 | Lair:6   | Noticed a starcursed mass
 35862 | Lair:6   | Noticed a bone dragon
 35862 | Lair:6   | Noticed a starcursed mass
 35862 | Lair:6   | Noticed a starcursed mass
 35867 | Lair:6   | Noticed a bone dragon
 35877 | Lair:6   | Noticed a starcursed mass
 36681 | Lair:6   | Found a staircase to the Slime Pits.
 36681 | Lair:6   | Found a viscous altar of Jiyva.
 37165 | Lair:6   | Reached skill level 11 in Dodging
 38168 | Lair:5   | Gained mutation: You are very agile. (Dex +4) [evolution]
 38841 | Lair:6   | Found a runed door.
 40620 | Lair:6   | Learned a level 3 spell: Conjure Flame
 40711 | Lair:6   | Gained mutation: You have supernaturally acute eyesight. (SInv) [evolution]
 40711 | Lair:6   | Lost mutation: You rapidly evolve. [end of evolution]
 42126 | D:13     | Noticed Urug
 42140 | D:13     | Killed Urug
 42405 | D:13     | Reached XP level 15. HP: 136/150 MP: 23/25
 42510 | D:13     | Found a gate to the Vaults.
 42761 | D:13     | Found Wipeq's Armour Emporium.
 43139 | D:13     | Found Xaitouva's Armour Boutique.
 43176 | D:13     | Killed Sonja
 43646 | D:13     | Reached skill level 12 in Dodging
 43674 | D:13     | Got a translucent flail
 43675 | D:13     | Identified the +9 flail of Wulealun {crush, *Slow rN+ Int+2} (You found it on level 13 of the Dungeon)
 43884 | D:14     | Found a portal to a secret trove of treasure.
 44362 | D:15     | Entered Level 15 of the Dungeon
 44434 | D:15     | Found Aravublat's Jewellery Boutique.
 44608 | D:15     | Found Wyshes's Gadget Shop.
 44844 | D:15     | Paralysed by a floating eye for 3 turns
 45196 | D:15     | Found a staircase to the Depths.
 45220 | D:15     | Found Deustruma's Book Boutique.
 45228 | D:15     | Bought a book of Ice for 1040 gold pieces
 45809 | D:15     | Found Bucaad's Magic Scroll Shop.
 45833 | D:15     | Found a glowing silver altar of Zin.
 45894 | D:15     | Found Nigeijy's Jewellery Shoppe.
 45931 | D:15     | Reached skill level 10 in Long Blades
 46379 | D:15     | Bought the ring "Ocipo" {Fire rElec rPois Dex+4} for 670 gold pieces
 46711 | Spider:1 | Entered Level 1 of the Spider Nest
 46717 | Spider:1 | Noticed a ghost moth
 46731 | Spider:1 | Killed a ghost moth
 47979 | Spider:1 | Upgraded the game from 0.19-a0-1676-g39ae8cc to 0.19-a0-1682-g5114f93
 48670 | Spider:1 | Noticed a ghost moth
 48680 | Spider:1 | Killed a ghost moth
 49420 | Spider:1 | Reached XP level 16. HP: 141/161 MP: 26/26
 49770 | Spider:1 | Reached skill level 10 in Conjurations
 50973 | Spider:1 | Gained mutation: You have an increased reservoir of magic. (+10% MP) [evolution]
 52401 | Spider:3 | Reached skill level 13 in Dodging
 53200 | Spider:3 | Noticed Nikola
 53218 | Spider:3 | Killed Nikola
 54400 | Spider:3 | Lost mutation: You regenerate slowly when monsters are visible. [evolution]
 54519 | Spider:3 | Learned a level 2 spell: Repel Missiles
 54522 | Spider:3 | Learned a level 2 spell: Swiftness
 55211 | Shoals:1 | Entered Level 1 of the Shoals
 55301 | Lair:3   | Learned a level 2 spell: Song of Slaying
 55834 | Shoals:1 | Reached XP level 17. HP: 146/169 MP: 23/30
 57257 | D:10     | Bought a scroll of teleportation for 42 gold pieces
 57257 | D:10     | Bought a scroll of summoning for 133 gold pieces
 57380 | Elf:1    | Entered Level 1 of the Elven Halls
 57715 | Elf:1    | Found Idufaadd's Food Boutique.
 58948 | Elf:1    | Found Doadghed's Assorted Antiques.
 58960 | Elf:1    | Bought a small ruby amulet for 180 gold pieces
 58960 | Elf:1    | Bought a ring of evasion for 72 gold pieces
 59185 | Elf:2    | Identified a scroll of acquirement
 59189 | Elf:2    | Got a bloodstained buckler
 59196 | Elf:2    | Identified the -5 buckler of Oxakepp {Str+2} (You acquired it on level 2 of the Elven Halls)
 59346 | Elf:2    | Found a runed gate.
 59346 | Elf:2    | Found a runed gate.
 59346 | Elf:2    | Found a runed gate.
 59448 | Elf:2    | Reached skill level 14 in Dodging
 59470 | Elf:2    | Reached skill level 15 in Fighting
 60295 | Spider:4 | Entered Level 4 of the Spider Nest
 61269 | Spider:3 | Gained mutation: You can translocate small distances at will. [evolution]
 61269 | Spider:3 | Lost mutation: You evolve. [end of evolution]
 62136 | Spider:4 | Reached XP level 18. HP: 159/179 MP: 22/31
 63129 | Spider:4 | Upgraded the game from 0.19-a0-1682-g5114f93 to 0.19-a0-1686-g35356ef
 63151 | Spider:4 | Got a gossamer rune of Zot
 63175 | Spider:4 | Reached skill level 15 in Long Blades
 63687 | Vaults:1 | Entered Level 1 of the Vaults
 64022 | Vaults:1 | Found a glowing golden altar of the Shining One.
 67944 | Vaults:2 | Reached XP level 19. HP: 155/189 MP: 23/32
 69261 | Vaults:2 | Reached skill level 15 in Conjurations
 70288 | Vaults:2 | Found a staircase to the Crypt.
 70642 | Abyss:1  | Found a corrupted altar of Lugonu.
 71063 | Vaults:2 | Escaped the Abyss
 71075 | Vaults:2 | Upgraded the game from 0.19-a0-1686-g35356ef to 0.19-a0-1694-g2dd932f
 71665 | Lair:3   | Learned a level 3 spell: Regeneration
 72216 | Elf:2    | Reached skill level 15 in Dodging
 73454 | Elf:3    | Entered Level 3 of the Elven Halls
 74185 | Elf:2    | Upgraded the game from 0.19-a0-1694-g2dd932f to 0.19-a0-1697-g0595f0e
 74302 | Elf:2    | Reached XP level 20. HP: 101/200 MP: 15/33
 74555 | Elf:3    | Reached skill level 1 in Air Magic
 74710 | Elf:3    | Noticed Bai Suzhen
 74939 | Elf:3    | Got a steaming bronze amulet
 75878 | Elf:1    | Killed Bai Suzhen
 76118 | Elf:3    | Got a fine halberd {venom}
 76119 | Elf:3    | Identified the cursed +3 halberd "Osuesorgh" {venom, +Fly rElec MR+ Str+4} (You took it off a deep elf annihilator on level 3 of the Elven Halls)
 76121 | Elf:3    | Identified the amulet "Xoudwo" {Gourm -Tele rF+ MR+ Dex+8} (You took it off a deep elf blademaster on level 3 of the Elven Halls)
 76514 | Elf:3    | Reached skill level 5 in Air Magic
 77334 | Elf:3    | Got a translucent bronze amulet
 77337 | Elf:3    | Identified the amulet "Upseh" {Inacc Int+2} (You found it on level 3 of the Elven Halls)
 77346 | Elf:3    | Identified the Compendium of Venom and Translocation
 77500 | Elf:3    | Identified the Catalogue of Ashen Companions
 77503 | Elf:3    | Identified the Guide on the Icy Escort
 77517 | Elf:3    | Learned a level 1 spell: Summon Butterflies
 78062 | Shoals:1 | Identified a +4 triple sword of distortion (a +2 triple sword of flaming corrupted by Lugonu)
 78062 | Shoals:1 | Received a gift from Lugonu
 78285 | Shoals:2 | Reached skill level 16 in Dodging
 80225 | Shoals:3 | Reached XP level 21. HP: 186/210 MP: 19/34
 80294 | Shoals:4 | Entered Level 4 of the Shoals
 80872 | Shoals:3 | Reached skill level 17 in Dodging
 81266 | Shoals:4 | Got a barnacled rune of Zot
 82721 | Shoals:4 | Noticed Ilsuiw
 82877 | Shoals:4 | Killed Ilsuiw
 83106 | Shoals:4 | Got a slimy war axe {flame}
 83107 | Shoals:4 | Identified the +7 war axe of the Throat {flame, *Drain rN++ Stlth+} (You took it off a merfolk aquamancer on level 4 of the Shoals)
 83474 | Lair:3   | Learned a level 6 spell: Freezing Cloud
 83664 | D:15     | Bought Pour's Tome of the Lucky Glacier for 899 gold pieces
 83837 | Vaults:3 | Found a magical portal.
 83839 | Vaults:3 | Noticed Mennas
 83900 | WizLab   | Entered Cigotuvi's Fleshworks
 84234 | WizLab   | Reached skill level 18 in Dodging
 84427 | WizLab   | Paralysed by a floating eye for 4 turns
 84465 | WizLab   | Got a twitching amethyst amulet
 84467 | WizLab   | Identified the amulet of Virtue {Harm *Drain +Blink Stlth+} (You found it in a wizard's laboratory)
 84496 | WizLab   | Paralysed by a floating eye for 2 turns
 84940 | WizLab   | Identified Cigotuvi's Guide on Transmutation and Unholy Secrets
 84948 | WizLab   | Identified Rutij's Collected Works on Transformation
 84951 | WizLab   | Identified the Incunabulum of Shape Shifting
 85749 | WizLab   | Gained mutation: Your spells are a little harder to cast, but a little more powerful. [potion of beneficial mutation]
 85750 | WizLab   | Gained mutation: You evolve. [potion of beneficial mutation]
 87116 | Vaults:3 | Killed Mennas
 87481 | Vaults:3 | Reached skill level 19 in Dodging
 88015 | Vaults:3 | Reached XP level 22. HP: 137/218 MP: 21/35
 88031 | Vaults:3 | Reached skill level 10 in Air Magic
 88189 | Vaults:3 | Cast into level 2 of the Abyss (orc warrior)
 88189 | Abyss:2  | Found a corrupted altar of Lugonu.
 88190 | Vaults:3 | Escaped the Abyss
 89313 | Vaults:3 | Lost mutation: You evolve. [evolution]
 89314 | Vaults:3 | Gained mutation: You have sharp toenails. [potion of beneficial mutation]
 89971 | Vaults:4 | Noticed Frederick
 90087 | Vaults:3 | Killed Frederick
 90920 | Vaults:4 | Noticed Jory
 91002 | Vaults:4 | Noticed Margery
 91325 | Vaults:4 | Banished Margery
 92452 | Vaults:4 | Reached skill level 20 in Dodging
 92929 | Vaults:4 | Identified the Almanac of Flying Dark Arts
 93189 | Vaults:4 | Banished Jory
 95444 | Depths:1 | Entered Level 1 of the Depths
 95444 | Depths:1 | Found Weip's Jewellery Shoppe.
 95643 | Depths:1 | Reached XP level 23. HP: 157/225 MP: 18/36
 95923 | Depths:1 | Bought the ring of Bawizeas {rC++ Str+4 Int+6} for 1346 gold pieces
 96037 | Depths:1 | Upgraded the game from 0.19-a0-1697-g0595f0e to 0.19-a0-1704-gbd66c22
 96458 | Depths:1 | Reached skill level 5 in Charms
 96791 | Depths:1 | Got an iridescent trident
 96792 | Depths:1 | Identified the +2 trident of Theory {pierce, rElec rPois Int-4 Dex+5} (You found it on level 1 of the Depths)
 96799 | Depths:1 | Got a slimy longbow
 96800 | Depths:1 | Identified the +4 longbow "Qucal" {venom, rPois rF+++ Str-2 Stlth-} (You found it on level 1 of the Depths)
 96906 | Depths:1 | Noticed the Enchantress
 98183 | Slime:1  | Entered Level 1 of the Pits of Slime
 98186 | Slime:1  | Gained mutation: You are weak. (Str -2) [a shining eye]
 98446 | Slime:1  | Gained mutation: Your body sometimes deteriorates upon taking damage. [a shining eye]
 98448 | Slime:1  | Lost mutation: You are very agile. (Dex +4) [a shining eye]
 99119 | Slime:1  | Lost mutation: You have supernaturally acute eyesight. (SInv) [a shining eye]
 99391 | Slime:1  | Lost mutation: You are robust. (+10% HP) [a shining eye]
 99398 | Slime:2  | Noticed Dissolution
 99858 | Crypt:1  | Entered Level 1 of the Crypt
 99915 | Crypt:1  | Noticed Khufu
 99915 | Crypt:1  | Noticed a greater mummy
 99926 | Crypt:1  | Slain by a death scarab

Vault maps used:
D:1:      dpeg_arrival_houses_and_road
D:2:      lemuel_round_altar, hangedman_ru_absence, ecumenical_altar_1,
          serial_undead, serial_undead_d, serial_undead_c, serial_undead_a,
          serial_undead_f, serial_undead_d, serial_undead_b, serial_undead_a,
          minmay_tetromino_s4
D:3:      gup_sewer_entry_glass, first_bread, trog_three_pillars_becter
D:4:      nicolae_dithmenos_shadow_blocks, kennysheep_dice, uniq_pikel
D:5:      vehumet_statue, nicolae_overflow_crystal_walls, uniq_duvessa,
          uniq_menkaure, uniq_grinder
D:6:      makhleb_blood_cavern_becter, nicolae_overflow_hidden_temple
D:8:      lemuel_coloured_pillars_altar, serial_glass, glass_columns_a,
          glass_columns_b, enter_ossuary_4, blue_anna_alchemist,
          kennysheep_generic_room_14
D:9:      uniq_joseph
D:10:     serial_shops, shop_fountains, shop, uniq_snorg, uniq_josephine
D:11:     david_lair_generic, minmay_orc_entry_temple_small, uniq_sonja,
          uniq_harold
D:12:     lemuel_flamethrower_hall
D:13:     grunt_vaults_entry_tiered, serial_shops, shop, nicolae_shop_stone,
          uniq_urug
D:14:     enter_trove_6
D:15:     hangedman_depths_entry_civil_slaughter, serial_shops,
          nicolae_shop_behind_doors, nicolae_shop_behind_doors, shop,
          nicolae_shop_statue_plus, nicolae_shop_waterfront, zin_angel
Temple:   dpeg_chambers_temple
Lair:1:   grunt_megastairs_3
Lair:2:   minivault_24
Lair:3:   elwin_shoals_entry_stream, grunt_forest_large_clearings
Lair:4:   nicolae_spider_entry_non_spiders
Lair:5:   grunt_megastairs_5
Lair:6:   hangedman_lair_in_review, wormcave, slime_altar_1, grunt_megastairs_2
Shoals:2: nicolae_shoals_flooded_hall
Shoals:3: nicolae_shoals_drake_roost
Shoals:4: shoals_end_simple, shoals_ilsuiw_alternative,
          nicolae_shoals_dead_sea_scrolls
Spider:1: guppyfry_spider_mini_1
Spider:2: zaba_anthell
Spider:3: spiders_nest_scorpion_pit, uniq_nikola
Spider:4: spider_rune_water, spider_trap
Slime:2:  uniq_dissolution
Orc:1:    basic_altar, serial_shops, shop, nooodl_orcs_dogs
Orc:2:    st_orc_open, basic_altar, uniq_saint_roka
Elf:1:    serial_shops, shop, shop, hangedman_corner_corridor
Elf:3:    nooodl_elf_gasket, uniq_bai_suzhen
Vaults:1: nicolae_vaults_little_squares_6, grunt_vaults_trifunnel, v_rooms_3,
          nicolae_vaults_what_the_h, v_misc_28, hangedman_vaults_river_flow,
          grunt_vaults_diagonal, v_alt_pattern_2, basic_altar
Vaults:2: v_misc_25, minmay_crypt_entry_simple_sparse,
          hangedman_vaults_capsules, ontoclasm_vaults_twist, v_misc_24,
          hangedman_vaults_maws, st_lattice, nicolae_vaults_asterisk
Vaults:3: hangedman_vaults_restitches, ontoclasm_vaults_ligature,
          v_alt_pattern_4, nicolae_vaults_network_square,
          nicolae_vaults_meeting, hangedman_vaults_hat, vaults_room_semicircle,
          v_misc_17, nicolae_vaults_network_quinsquares, v_alt_pattern_5,
          vaults_room_pool, lightli_enter_wizlab_magi_temple, uniq_mennas
Vaults:4: vaults_mumra_minichess, nicolae_vaults_network_quincunx,
          nicolae_vaults_specimen_jars, v_misc_30,
          nicolae_vaults_network_periphery, v_misc_8, st_hourglassy, v_misc_8,
          ontoclasm_vaults_pinch, vaults_room_stairs_pillars,
          nicolae_vaults_diagonal_hallway_9, v_misc_18, uniq_jory,
          uniq_frederick, uniq_margery
Crypt:1:  minmay_guarded_unrand_zonguldrok, uniq_khufu
Depths:1: serial_shops, shop, grunt_pan_entry_zigzag,
          minmay_misc_feat_diagonals, hell_entry, marbit_kobold_abyss_entry,
          minivault_15, minmay_hollow_rounded_squares, uniq_enchantress
Abyss:1:  evilmike_abyss_exit_4, evilmike_abyss_exit_3, hangedman_decor_points
Abyss:2:  hangedman_decor_lopped
Sewer:    sewer_the_crocodile
Ossuary:  ossuary_tomb_2
WizLab:   wizlab_cigotuvi

Skill      XL: |  1  2  3  4  5  6  7  8  9 10 11 12 13 14 15 16 17 18 19 20 21 22 23 |
---------------+----------------------------------------------------------------------+-----
Spellcasting   | 3 4 5 6 7 |  7.0
Ice Magic      | 4 5 6 7 8 9 |  9.7
Invocations    | 2 4 6 7 |  7.0
Fighting       | 2 5 7 9 11 12 13 14 15 16 17 | 17.0
Dodging        | 3 5 7 9 10 11 12 13 14 15 16 19 20 | 20.6
Charms         | 4 6 |  6.7
Short Blades   | 3 5 7 |  7.0
Crossbows      | 3 5 |  5.0
Long Blades    | 2 5 8 11 13 14 15 17 18 19 | 19.9
Conjurations   | 2 5 8 9 11 13 14 16 | 16.6
Stealth        | 3 4 |  4.1
Air Magic      | 7 9 11 | 11.5

Action                   |  1- 3 |  4- 6 |  7- 9 | 10-12 | 13-15 | 16-18 | 19-21 | 22-24 || total
-------------------------+-------+-------+-------+-------+-------+-------+-------+-------++-------
Melee: Unarmed           |     9 |       |       |       |       |       |       |       ||     9
       Hand axe          |    53 |       |       |       |       |       |       |       ||    53
       Tailslap          |    14 |    26 |    72 |   199 |   484 |   472 |   602 |   382 ||  2251
       Dagger            |   127 |   245 |   661 |  1413 |  1709 |       |       |       ||  4155
       Headbutt          |       |       |    10 |    19 |       |       |       |       ||    29
       Scimitar          |       |       |       |    42 |       |       |       |       ||    42
       Great sword       |       |       |       |       |   881 |  2129 |  2388 |   753 ||  6151
       Bite              |       |       |       |       |   259 |   356 |   470 |   265 ||  1350
       Triple sword      |       |       |       |       |       |       |       |   561 ||   561
 Fire: Heavy crossbow    |       |       |       |     1 |     3 |       |       |       ||     4
Throw: Stone             |       |     5 |       |       |    11 |       |       |       ||    16
       Javelin           |       |       |       |       |       |     5 |       |       ||     5
 Cast: Freeze            |    35 |    51 |    80 |    16 |       |       |       |       ||   182
       Ozocubu's Armour  |     2 |    10 |    30 |    68 |   143 |   109 |    88 |    28 ||   478
       Summon Ice Beast  |       |       |    21 |    62 |   108 |    21 |     5 |       ||   217
       Spectral Weapon   |       |       |       |    14 |     3 |    34 |    68 |    31 ||   150
       Throw Icicle      |       |       |       |     7 |     1 |     6 |    13 |    12 ||    39
       Vampiric Draining |       |       |       |     3 |       |       |       |       ||     3
       Bolt of Cold      |       |       |       |       |       |    10 |    16 |    13 ||    39
       Repel Missiles    |       |       |       |       |       |    10 |    15 |     6 ||    31
       Song of Slaying   |       |       |       |       |       |     2 |       |       ||     2
       Swiftness         |       |       |       |       |       |       |     7 |       ||     7
       Conjure Flame     |       |       |       |       |       |       |     3 |       ||     3
       Freezing Cloud    |       |       |       |       |       |       |     5 |       ||     5
       Regeneration      |       |       |       |       |       |       |     4 |       ||     4
       Summon Butterflie |       |       |       |       |       |       |     1 |       ||     1
Invok: Bend Space        |       |     1 |     1 |    11 |     4 |       |     3 |     8 ||    28
       Banish            |       |       |       |     3 |     3 |     8 |     9 |     9 ||    32
       Depart the Abyss  |       |       |       |     1 |       |       |     1 |     1 ||     3
       Corrupt           |       |       |       |       |     1 |       |       |       ||     1
       Enter the Abyss   |       |       |       |       |       |       |     1 |       ||     1
       Brand Weapon With |       |       |       |       |       |       |     1 |       ||     1
 Abil: Spit Acid         |       |       |    13 |    26 |    19 |       |    10 |     5 ||    73
       Fly               |       |       |     1 |       |       |       |     1 |       ||     2
       Stop Flying       |       |       |       |       |       |       |     1 |       ||     1
Evoke: Wand              |       |       |       |     1 |       |       |     3 |     2 ||     6
  Use: Scroll            |       |     4 |     6 |    20 |    14 |    16 |    11 |     7 ||    78
       Potion            |       |       |     2 |    10 |     6 |     9 |    13 |     2 ||    42
 Stab: Sleeping          |       |     3 |     3 |     5 |     6 |     8 |    11 |     3 ||    39
       Confused          |       |       |       |     2 |       |       |       |       ||     2
       Distracted        |       |       |       |     2 |     7 |     9 |    12 |     7 ||    37
       Petrifying        |       |       |       |       |     2 |       |       |       ||     2
       Petrified         |       |       |       |       |     2 |       |       |       ||     2
  Eat: Chunk             |     2 |     9 |    28 |    43 |    75 |    36 |    45 |    26 ||   264
       Meat ration       |     1 |       |       |     5 |     1 |     6 |     3 |     4 ||    20
       Pizza             |     1 |       |       |       |     1 |     1 |       |     1 ||     4
       Royal jelly       |       |       |     1 |       |     1 |     1 |     2 |       ||     5
       Fruit             |       |       |     2 |     8 |     6 |     8 |    13 |     2 ||    39
       Bread ration      |       |       |     1 |       |     1 |     1 |     3 |     2 ||     8
       Beef jerky        |       |       |       |     2 |     2 |     2 |     3 |       ||     9
Armor: Skin              |   108 |   121 |   377 |   537 |   776 |   614 |   453 |   242 ||  3228
Dodge: Dodged            |   204 |   223 |   491 |  1164 |  2457 |  2326 |  2060 |  1463 || 10388
       Deflected         |       |       |       |       |       |    38 |    62 |    35 ||   135
Block: Buckler           |    12 |       |       |       |       |       |       |       ||    12
